 Dungeon Crawl Stone Soup version 0.28-a0-1213-g0243856f03 (webtiles) character file.

Game seed: 14932965526244888790

125070 bearlyready the Thaumaturge (level 16, -2/125 HPs)
             Began as a Gnoll Air Elementalist on Dec 21, 2021.
             Was a High Priest of Cheibriados.
             Engulfed by a cloud of freezing vapour (29 damage)
             ... on level 2 of the Snake Pit.
             The game lasted 00:59:14 (38503 turns).

bearlyready the Thaumaturge (GnAE)                 Turns: 38503, Time: 00:59:15

Health: -2/125     AC: 18    Str: 15    XL:     16   Next: 94%
Magic:  2/41       EV: 26    Int: 35    God:    Cheibriados [*****.]
Gold:   1430       SH: 17    Dex: 32    Spells: 22/39 levels left

rFire   + + .      SeeInvis .   b - +8 demon trident "Waniem" {venom, rElec Int+2}
rCold   . . .      Faith    .   n - +2 kite shield {rN+}
rNeg    + . .      Spirit   .   L - +0 steam dragon scales
rPois   +          Reflect  .   K - +1 helmet "Kigoseph" {rPois Int+3 Dex-4 Slay+2}
rElec   +          Harm     .   G - +2 cloak {rF+}
rCorr   +          Rampage  .   H - +0 pair of gloves
Will    +....                   e - +2 pair of boots of the Zebra {rF+}
Stlth   ++++++....              R - amulet of magic regeneration
HPRegen 0.30/turn               m - +6 ring of dexterity
MPRegen 0.67/turn               O - ring "Elesm" {rElec rPois rCorr MP+9 Str-4}

@: lethally poisoned (-2 -> -7), studying Polearms, very slow
A: fangs 1, strong nose, distributed training
a: Renounce Religion, Bend Time, Temporal Distortion, Slouch, Step From Time


You were on level 2 of the Snake Pit.
You worshipped Cheibriados.
Cheibriados was extremely pleased with you.
You visited 4 branches of the dungeon, and saw 25 of its levels.
You also visited: Gauntlet and Volcano.

You collected 4725 gold pieces.
You spent 3295 gold pieces at shops.

Inventory:

Hand Weapons
 a - a +5 demon whip of venom
 b - the +8 demon trident "Waniem" (weapon) {venom, rElec Int+2}
   (You acquired it on level 2 of the Orcish Mines)

   It poisons the flesh of those it strikes.
   Int:       It affects your intelligence (+2).
   rElec:     It insulates you from electricity.
 T - the +2 fustibalus "Demonbane" {flame, rElec rN++}
   (You bought it in a shop on level 2 of the Orcish Mines)

   Any ammunition fired from it burns those it strikes, dealing additional fire
   damage.
   rElec:     It insulates you from electricity.
   rN:        It greatly protects you from negative energy.
Missiles
 c - 137 sling bullets
 d - 721 stones
 p - 3 curare-tipped darts
 u - 311 bolts
 y - 50 poisoned darts (quivered)
 J - 2 javelins
 U - 6 silver javelins
 X - 3 throwing nets
Armour
 e - the +2 pair of boots of the Zebra (worn) {rF+}
   (You bought it in a shop on level 2 of the Orcish Mines)

   rF:        It protects you from fire.
 n - a +2 kite shield of positive energy (worn)
 G - a +2 cloak of fire resistance (worn)
 H - a +0 pair of gloves (worn)
 K - the +1 helmet "Kigoseph" (worn) {rPois Int+3 Dex-4 Slay+2}
   (You found it in a Gauntlet)

   Int:       It affects your intelligence (+3).
   Dex:       It affects your dexterity (-4).
   Slay:      It affects your accuracy & damage with ranged weapons and melee
   (+2).
   rPois:     It protects you from poison.
 L - +0 steam dragon scales (worn)
Jewellery
 m - a +6 ring of dexterity (left hand)
 O - the ring "Elesm" (right hand) {rElec rPois rCorr MP+9 Str-4}
   (You found it in a Gauntlet)

   [ring of magical power]

   Str:       It affects your strength (-4).
   rElec:     It insulates you from electricity.
   rPois:     It protects you from poison.
   MP:        It affects your magic capacity (+9).
   rCorr:     It protects you from acid and corrosion.
 R - an amulet of magic regeneration (around neck)
 S - a ring of flight
Wands
 h - a wand of charming (7)
 l - a wand of mindburst (16)
 o - a wand of polymorph (4)
 v - a wand of digging (16)
 P - a wand of paralysis (4)
 Y - a wand of flame (54)
Scrolls
 r - 2 scrolls of holy word
 s - 4 scrolls of fog
 w - a scroll of magic mapping
 x - 5 scrolls of fear
 A - 3 scrolls of silence
 C - a scroll of summoning
 D - 4 scrolls of teleportation
 M - 4 scrolls of enchant armour
 N - a scroll of amnesia
 W - 4 scrolls of blinking
Potions
 g - 7 potions of cancellation
 i - 3 potions of attraction
 j - 4 potions of mutation
 k - 2 potions of berserk rage
 q - 5 potions of flight
 t - a potion of invisibility {unknown}
 z - 3 potions of might
 B - 13 potions of curing
 E - 6 potions of heal wounds
 F - 2 potions of magic
 I - a potion of lignification {unknown}
 Q - 5 potions of resistance
 V - a potion of ambrosia {unknown}
 Z - 5 potions of brilliance
Miscellaneous
 f - a phantom mirror


   Skills:
 + Level 11.3 Fighting
 + Level 11.3 Short Blades
 + Level 11.3 Long Blades
 + Level 11.3 Axes
 + Level 11.3 Maces & Flails
 + Level 12.0 Polearms
 + Level 11.3 Staves
 + Level 11.3 Slings
 + Level 11.3 Bows
 + Level 11.3 Crossbows
 + Level 11.3 Throwing
 + Level 11.3 Armour
 + Level 12.1 Dodging
 + Level 12.0 Stealth
 + Level 11.3 Shields
 + Level 11.3 Unarmed Combat
 + Level 12.3 Spellcasting
 + Level 9.8 Conjurations
 + Level 9.5 Hexes
 + Level 9.5 Summonings
 + Level 9.5 Necromancy
 + Level 9.5 Translocations
 + Level 9.5 Transmutations
 + Level 9.5 Fire Magic
 + Level 9.5 Ice Magic
 + Level 11.0 Air Magic
 + Level 9.5 Earth Magic
 + Level 9.5 Poison Magic
 + Level 12.2 Invocations
 + Level 11.3 Evocations


You had 22 spell levels left.
You knew the following spells:

 Your Spells              Type           Power      Damage    Failure   Level
a - Shock                 Conj/Air       100%       1d9       1%          1
b - Freezing Cloud        Conj/Ice/Air   37%        6-21      1%          5
c - Airstrike             Air            39%        N/A       1%          4
d - Mephitic Cloud        Conj/Pois/Air  75%        N/A       1%          3
e - Teleport Other        Tloc           73%        N/A       1%          3
f - Animate Skeleton      Necr           100%       N/A       1%          1

Your spell library contained the following spells:

 Spells                   Type           Power      Damage    Failure   Level
 Apportation              Tloc           100%       N/A       1%          1
 Pain                     Necr           100%       1d9       1%          1
 Summon Small Mammal      Summ           100%       N/A       1%          1
 Passwall                 Tmut/Erth      60%        N/A       1%          2
 Static Discharge         Conj/Air       76%        N/A       1%          2
 Call Canine Familiar     Summ           73%        N/A       1%          3
 Gell's Gravitas          Tloc           73%        N/A       1%          3
 Ignite Poison            Fire/Tmut/Pois 73%        N/A       1%          3
 Lesser Beckoning         Tloc           73%        N/A       1%          3
 Summon Guardian Golem    Hex/Summ       73%        N/A       1%          3
 Swiftness                Air            78%        N/A       1%          3
 Vampiric Draining        Necr           73%        2d11      1%          3
 Hailstorm                Conj/Ice       73%        3d15      1%          4
 Ice Form                 Ice/Tmut       73%        N/A       1%          4
 Alistair's Intoxication  Tmut/Pois      48%        N/A       1%          5
 Fireball                 Conj/Fire      36%        3d15      1%          5
 Iskenderun's Battlesphe  Conj           74%        2d12      1%          5
 Conjure Ball Lightning   Conj/Air       38%        3x3d12    7%          6
 Dispersal                Tloc           36%        N/A       10%         6
 Simulacrum               Ice/Necr       36%        N/A       10%         6
 Orb of Destruction       Conj           37%        9d13      43%         7


Dungeon Overview and Level Annotations

Branches:
Dungeon (15/15)            Temple (0/1) D:5            Lair (6/6) D:11
 Shoals (0/4) Lair:2        Snake (2/4) Lair:4        Slime (0/5) Lair:6
    Orc (2/2) D:12            Elf (0/3) Orc:2        Vaults (0/5) D:13
 Depths (0/4) D:15        Volcano (visited)         Gauntlet (visited)

Altars:
Cheibriados
Fedhas
Hepliaklqana
Kikubaaqudgha
Makhleb
Nemelex Xobeh
Okawaru
Trog
Uskayaw
Wu Jian
Xom
Yredelemnul
Zin
Beogh

Shops:
D:5 =*   D:7 (   D:11 (   Orc:2 [*=*[   Snake:2 *

Portals:
Hell: Lair:6

Annotations:
D:5 1 transporter
D:13 3 runed translucent doors, Roczioh's ghost, journeyman DsEn
Snake:2 Mlioglotl


Innate Abilities, Weirdness & Mutations

You have very sharp teeth.
Your uncanny sense of smell can sniff out nearby items.
Your experience applies equally to all skills.


Message History

A rock wall.
Okay, then.
Unknown command.
You feel sick. The naga warrior spits poison at you.
You block the splash of poison.
The naga sharpshooter shoots an arrow.
You block the arrow. The naga warrior spits poison at you.
The splash of poison hits you but does no damage.
You are more poisoned.
You resist.
The naga warrior hits you but does no damage.
You block the naga warrior's attack.
The naga sharpshooter shoots an arrow.
The arrow hits you!!
Things that are here:
a +0 mace; a naga corpse
Okay, then.
Casting: Freezing Cloud (mildly dangerous; 1% risk of failure)
Confirm with . or Enter, or press ? or * to list all spells.
Aiming: Freezing Cloud (mildly dangerous; 1% risk of failure)
Press: ? - help, Dir - move target That beam is likely to hit you.
Continue anyway?
You are engulfed in freezing vapours.
You feel sick.
The naga warrior is engulfed in freezing vapours.
Mlioglotl, the Unformed Horror comes into view.
The naga warrior is engulfed in freezing vapours.
The naga warrior hits you with a +0 quarterstaff!!
* * * LOW HITPOINT WARNING * * *
You block the naga warrior's attack.
The naga sharpshooter is engulfed in freezing vapours.
The naga sharpshooter casts a spell.
The naga sharpshooter magically shoots an arrow.
The arrow hits you!
* * * LOW HITPOINT WARNING * * *
Mlioglotl shouts!
Okay, then.
Okay, then.
Unknown command.
You feel much better.
You are engulfed in freezing vapours.
You die...

##..## #†..# #####
##)..#
.....####....##+#
..#...............
...........###....
.........### ####
........##
......§@#
...N.[N§#
$.....NN§......
...§..§§§☼.....
....§§§°☼.§...>
X...§§§.§.§§...
####°§§§§.§§§..
##§..§...§..
#.....##...


You could see Mlioglotl, 2 naga warriors, a naga sharpshooter (strong) and a
naga (strong).

Vanquished Creatures
  Kirke (Lair:6)
  2 orc warlords
  A dire elephant (Lair:6)
  A minotaur (Gauntlet)
  Snorg (D:12)
  Fannar (D:12)
  A great orb of eyes (Gauntlet)
  Harold (Lair:2)
  4 naga warriors
  11 hydras
  A death knight (D:13)
  A hell beast (Lair:6)
  3 boulder beetles
  A centaur warrior (D:13)
  2 anacondas (Snake:1)
  Erica (D:12)
  2 catoblepae
  7 two-headed ogres
  6 death yaks (Lair:6)
  5 tengu warriors
  Nergalle (D:10)
  3 naga sharpshooters
  3 shock serpents
  2 skeletal warriors (Volcano)
  2 salamander mystics
  A sea snake (shapeshifter) (D:14)
  2 naga ritualists (Snake:1)
  A lindwurm (D:13)
  A deep elf pyromancer (D:14)
  2 wizards
  A harpy (shapeshifter) (D:14)
  An orc knight (Orc:2)
  A necromancer (D:15)
  10 orc sorcerers
  10 ugly things
  3 salamanders
  A manticore (D:11)
  A mana viper (Snake:1)
  4 cyclopes
  4 naga magi
  2 guardian serpents
  13 elephants
  12 cane toads
  24 black mambas
  6 gargoyles
  Maggie (D:7)
  An unseen horror (D:10)
  5 rime drakes
  A komodo dragon (shapeshifter) (D:14)
  4 orange demons (Lair:6)
  An ice devil (Lair:6)
  A hellwing (Lair:6)
  A freezing wraith (D:13)
  A tengu conjurer (Gauntlet)
  12 komodo dragons
  A troll (shapeshifter) (D:14)
  6 trolls
  2 polar bears
  5 harpy skeletons (Volcano)
  5 slime creatures
  23 blink frogs
  Prince Ribbit (D:6)
  A meliai zombie (D:11)
  5 dream sheep
  3 flying skulls (Volcano)
  Eustachio (D:4)
  63 yaks
  2 alligator skeletons (Volcano)
  2 shadows
  2 wraiths
  3 water elementals
  9 wyverns
  4 basilisks
  A steam dragon (D:5)
  Grum (D:10)
  9 vampire mosquitoes
  Menkaure (D:7)
  22 nagas
  5 wargs
  5 hell hounds (Lair:6)
  2 swamp worms (Gauntlet)
  Duvessa (D:6)
  2 acid dragons
  24 water moccasins
  A black bear (Lair:2)
  30 orc warriors
  2 hornet zombies
  6 necrophages
  A sky beast (D:4)
  14 wolves
  An ice beast (D:6)
  3 ogres
  16 centaurs
  2 phantoms (D:5)
  2 kobold brigands (D:10)
  12 bullfrogs
  A wyvern zombie (D:5)
  3 gnoll sergeants
  4 scorpions
  Dowan (D:6)
  2 water moccasin skeletons
  23 killer bees
  5 wights
  7 electric eels
  2 troll skeletons (Volcano)
  2 howler monkeys
  A spriggan skeleton (Volcano)
  A bullfrog zombie (D:6)
  9 centaur zombies
  3 iron imps (D:3)
  17 orc priests
  Crazy Yiuf (D:6)
  A gnoll shaman (D:5)
  3 hounds
  6 jellies
  A bullfrog skeleton (D:5)
  4 iguanas
  Terence (D:2)
  47 orc wizards
  Natasha (thrice) (D:3)
  2 killer bee zombies
  A naga skeleton (Volcano)
  A hound skeleton (D:5)
  A mummy (D:9)
  3 howler monkey zombies
  5 adders
  10 gnolls
  A howler monkey skeleton (D:7)
  A white imp (D:7)
  2 ufetubi
  An adder skeleton (D:4)
  A worm (D:4)
  2 dart slugs
  90 orcs
  4 bats
  7 endoplasms
  4 giant cockroaches
  4 hobgoblins
  7 jackals
  A quokka (D:4)
  5 ball pythons
  8 goblins
  7 kobolds
  2 rats
811 creatures vanquished.

Vanquished Creatures (collateral kills)
  An ettin (D:15)
  A deep troll (D:15)
  An orc wizard (D:12)
3 creatures vanquished.

Vanquished Creatures (others)
  A black mamba (Snake:1)
  4 dream sheep (D:6)
  2 humans (Lair:6)
  A kobold brigand (D:10)
  A bush (Lair:4)
  43 fungi
  73 plants
  A withered plant (D:9)
126 creatures vanquished.

Grand Total: 940 creatures vanquished

Notes
Turn   | Place    | Note
-------+----------+-------------------------------------------
     0 | D:1      | bearlyready the Gnoll Air Elementalist began the quest for
                  | the Orb.
     0 | D:1      | Reached XP level 1. HP: 13/13 MP: 6/6
   392 | D:1      | Reached XP level 2. HP: 19/19 MP: 5/7
  1348 | D:2      | Reached XP level 3. HP: 25/25 MP: 6/9
  1356 | D:2      | Reached skill level 5 in Spellcasting
  1527 | D:2      | Reached skill level 1 in Invocations
  1532 | D:2      | Noticed Terence
  1540 | D:2      | Killed Terence
  1541 | D:2      | Reached skill level 1 in Fighting
  1541 | D:2      | Reached skill level 1 in Short Blades
  1541 | D:2      | Reached skill level 1 in Long Blades
  1541 | D:2      | Reached skill level 1 in Axes
  1541 | D:2      | Reached skill level 1 in Maces & Flails
  1541 | D:2      | Reached skill level 1 in Polearms
  1541 | D:2      | Reached skill level 1 in Staves
  1541 | D:2      | Reached skill level 1 in Slings
  1541 | D:2      | Reached skill level 1 in Bows
  1541 | D:2      | Reached skill level 1 in Crossbows
  1541 | D:2      | Reached skill level 1 in Throwing
  1541 | D:2      | Reached skill level 1 in Armour
  1541 | D:2      | Reached skill level 1 in Shields
  1541 | D:2      | Reached skill level 1 in Unarmed Combat
  1541 | D:2      | Reached skill level 1 in Evocations
  1541 | D:2      | Reached XP level 4. HP: 12/32 MP: 4/11
  2281 | D:2      | Found a faded altar of an unknown god.
  2506 | D:3      | Found an ornate altar of the Wu Jian Council.
  2654 | D:3      | Noticed a scorpion
  2703 | D:3      | Reached skill level 1 in Hexes
  2703 | D:3      | Reached skill level 1 in Summonings
  2703 | D:3      | Reached skill level 1 in Necromancy
  2703 | D:3      | Reached skill level 1 in Translocations
  2703 | D:3      | Reached skill level 1 in Transmutations
  2703 | D:3      | Reached skill level 1 in Fire Magic
  2703 | D:3      | Reached skill level 1 in Ice Magic
  2703 | D:3      | Reached skill level 1 in Earth Magic
  2703 | D:3      | Reached skill level 1 in Poison Magic
  2888 | D:3      | Learned a level 3 spell: Swiftness
  2914 | D:3      | Noticed Natasha
  2918 | D:3      | Killed Natasha
  2919 | D:3      | Reached XP level 5. HP: 37/37 MP: 7/12
  3078 | D:3      | Noticed Natasha
  3086 | D:3      | Killed Natasha
  3203 | D:3      | Reached XP level 6. HP: 44/44 MP: 4/13
  3348 | D:3      | Noticed Natasha
  3351 | D:3      | Killed Natasha
  3632 | D:3      | Reached skill level 5 in Dodging
  3985 | D:3      | Found a burning altar of Makhleb.
  4909 | D:4      | Noticed a sky beast
  4925 | D:5      | Entered Level 5 of the Dungeon
  4925 | D:5      | Found Ganuij's General Store.
  4947 | D:5      | Bought a scroll of blinking for 112 gold pieces
  4947 | D:5      | Bought a scroll of identify for 30 gold pieces
  4970 | D:5      | Reached XP level 7. HP: 41/50 MP: 4/15
  5252 | D:5      | Reached skill level 5 in Stealth
  5629 | D:5      | Found Aqojaclu's Jewellery Emporium.
  5636 | D:5      | Reached XP level 8. HP: 57/57 MP: 11/16
  5721 | D:5      | Found an ancient bone altar of Kikubaaqudgha.
  5904 | D:4      | Learned a level 4 spell: Airstrike
  6430 | D:5      | Found a snail-covered altar of Cheibriados.
  6449 | D:5      | Became a worshipper of Cheibriados the Contemplative
  6611 | D:5      | Found a staircase to the Ecumenical Temple.
  7128 | D:5      | Found a sparkling altar of Nemelex Xobeh.
  7128 | D:5      | Found a transporter.
  7341 | D:5      | Reached XP level 9. HP: 51/65 MP: 12/18
  7740 | D:6      | Found Zin's Purification Station.
  7873 | D:6      | Reached * piety under Cheibriados
  7933 | D:6      | Found a glowing silver altar of Zin.
  7938 | D:6      | Bought a potion of curing for 90 gold pieces
  8833 | D:6      | Noticed Duvessa
  8838 | D:6      | Noticed Dowan
  8839 | D:6      | Killed Duvessa
  8961 | D:6      | Noticed Prince Ribbit
  8992 | D:6      | Killed Prince Ribbit
  9129 | D:6      | Killed Dowan
  9218 | D:6      | Found a runed translucent door.
  9223 | D:6      | Learned a level 3 spell: Mephitic Cloud
  9227 | D:6      | Noticed Crazy Yiuf
  9294 | D:6      | Found a shimmering altar of Xom.
  9298 | D:6      | Reached skill level 5 in Invocations
  9764 | D:6      | Killed Crazy Yiuf
  9978 | D:4      | Reached XP level 10. HP: 73/73 MP: 4/20
 10086 | D:4      | Reached ** piety under Cheibriados
 10090 | D:4      | Noticed Eustachio
 10103 | D:4      | Killed Eustachio
 10324 | D:4      | Reached skill level 5 in Fighting
 10324 | D:4      | Reached skill level 5 in Short Blades
 10324 | D:4      | Reached skill level 5 in Long Blades
 10324 | D:4      | Reached skill level 5 in Axes
 10324 | D:4      | Reached skill level 5 in Maces & Flails
 10324 | D:4      | Reached skill level 5 in Polearms
 10324 | D:4      | Reached skill level 5 in Staves
 10324 | D:4      | Reached skill level 5 in Slings
 10324 | D:4      | Reached skill level 5 in Bows
 10324 | D:4      | Reached skill level 5 in Crossbows
 10324 | D:4      | Reached skill level 5 in Throwing
 10324 | D:4      | Reached skill level 5 in Armour
 10324 | D:4      | Reached skill level 5 in Shields
 10324 | D:4      | Reached skill level 5 in Unarmed Combat
 10324 | D:4      | Reached skill level 5 in Evocations
 11061 | D:7      | Noticed Maggie
 11066 | D:7      | Killed Maggie
 11475 | D:7      | Reached *** piety under Cheibriados
 11794 | D:7      | Found Ycyamig's Antique Weapon Shop.
 11849 | D:7      | Noticed Menkaure
 11859 | D:7      | Killed Menkaure
 12478 | D:8      | Reached skill level 5 in Conjurations
 12722 | D:8      | Found a basalt altar of Yredelemnul.
 13221 | D:8      | Learned a level 3 spell: Teleport Other
 13223 | D:8      | Learned a level 1 spell: Animate Skeleton
 13354 | D:9      | Reached **** piety under Cheibriados
 13671 | D:9      | Found a hide-covered altar of Uskayaw.
 13812 | D:9      | Found an iron altar of Okawaru.
 13934 | D:9      | Reached XP level 11. HP: 81/81 MP: 7/22
 14175 | D:9      | Reached skill level 5 in Hexes
 14175 | D:9      | Reached skill level 5 in Summonings
 14175 | D:9      | Reached skill level 5 in Necromancy
 14175 | D:9      | Reached skill level 5 in Translocations
 14175 | D:9      | Reached skill level 5 in Transmutations
 14175 | D:9      | Reached skill level 5 in Fire Magic
 14175 | D:9      | Reached skill level 5 in Ice Magic
 14175 | D:9      | Reached skill level 5 in Earth Magic
 14175 | D:9      | Reached skill level 5 in Poison Magic
 14376 | D:9      | Reached ***** piety under Cheibriados
 14639 | D:10     | Entered Level 10 of the Dungeon
 14770 | D:10     | Found a blossoming altar of Fedhas.
 14847 | D:10     | Noticed Nergalle
 14864 | D:10     | Killed Nergalle
 14961 | D:10     | Noticed a two-headed ogre
 14972 | D:10     | Killed a two-headed ogre
 15067 | D:10     | Noticed Grum
 15070 | D:10     | Killed Grum
 15128 | D:10     | Noticed an eight-headed hydra
 15130 | D:10     | Noticed an eight-headed hydra
 15139 | D:10     | Killed an eight-headed hydra
 15310 | D:10     | Killed an eight-headed hydra
 15318 | D:10     | Noticed a two-headed ogre
 15319 | D:10     | Noticed a green ugly thing
 15323 | D:10     | Noticed a cyclops
 15491 | D:10     | Noticed a two-headed ogre
 15501 | D:10     | Killed a two-headed ogre
 15580 | D:10     | Killed a green ugly thing
 15581 | D:10     | Killed a two-headed ogre
 15582 | D:10     | Reached XP level 12. HP: 55/89 MP: 1/24
 16154 | D:10     | Noticed a six-headed hydra
 17074 | D:10     | Killed a six-headed hydra
 17502 | D:11     | Noticed a two-headed ogre
 17509 | D:11     | Killed a two-headed ogre
 17522 | D:11     | Found a staircase to the Lair.
 17615 | D:11     | Noticed a two-headed ogre
 18044 | D:11     | Noticed a two-headed ogre
 18049 | D:11     | Killed a two-headed ogre
 18109 | D:11     | Killed a two-headed ogre
 18608 | D:11     | Found Vot Bowis's Antique Weapon Shop.
 18793 | D:7      | Bought a runed demon whip for 396 gold pieces
 19463 | D:12     | Reached XP level 13. HP: 77/98 MP: 7/26
 19600 | D:12     | Noticed Fannar
 19630 | D:12     | Killed Fannar
 20126 | D:12     | Noticed Snorg
 20434 | D:12     | Killed Snorg
 20850 | D:12     | Found a staircase to the Orcish Mines.
 21722 | D:13     | Found a runed translucent gate.
 21722 | D:13     | Found a runed translucent gate.
 21722 | D:13     | Noticed a naga warrior
 21723 | D:13     | Found a runed translucent gate.
 21724 | D:13     | Noticed a merfolk javelineer
 21725 | D:13     | Noticed Roczioh's ghost (journeyman DsEn)
 21726 | D:13     | Found an iron altar of Okawaru.
 22639 | Lair:1   | Entered Level 1 of the Lair of Beasts
 22658 | Lair:1   | Reached ****** piety under Cheibriados
 23094 | Lair:1   | Reached skill level 10 in Spellcasting
 23350 | Lair:1   | You fall into a shaft and drop 1 floor!
 23350 | Lair:2   | Noticed Harold
 23355 | Lair:2   | Killed Harold
 24128 | Lair:2   | Reached skill level 10 in Dodging
 24129 | Lair:2   | Reached XP level 14. HP: 106/106 MP: 4/28
 24299 | Lair:2   | Found a staircase to the Shoals.
 25103 | Lair:3   | Reached skill level 10 in Stealth
 25663 | Lair:4   | Found a dark tunnel.
 25668 | Volcano  | Entered a volcano
 26225 | Volcano  | Reached skill level 10 in Invocations
 26855 | Lair:4   | Found a staircase to the Snake Pit.
 28215 | Lair:5   | Found a gate leading to a gauntlet.
 28230 | Gauntlet | Entered a Gauntlet
 28230 | Gauntlet | Found a transporter.
 28230 | Gauntlet | Found a runed translucent door.
 28230 | Gauntlet | Found a transporter.
 28237 | Gauntlet | Found a runed translucent door.
 28248 | Gauntlet | Found a transporter.
 28252 | Gauntlet | Found a transporter.
 28264 | Gauntlet | Found a transporter.
 28265 | Gauntlet | Found a transporter.
 28272 | Gauntlet | Found a transporter.
 28289 | Gauntlet | Found a transporter.
 28303 | Gauntlet | Found a transporter.
 28307 | Gauntlet | Found a transporter.
 28315 | Gauntlet | Found a transporter.
 28319 | Gauntlet | Found a transporter.
 28384 | Gauntlet | Identified the +9 dagger of the Many Blessings {speed, rF+
                  | rN+ Dex+4}
 28393 | Gauntlet | Found a runed translucent door.
 28522 | Gauntlet | Identified the ring "Elesm" {rElec rPois rCorr MP+9 Str-4}
 28557 | Gauntlet | Identified the +1 helmet "Kigoseph" {rPois Int+3 Dex-4
                  | Slay+2}
 28726 | Gauntlet | Identified 2 scrolls of acquirement
 28726 | Gauntlet | Acquired 832 gold pieces
 28728 | Gauntlet | Acquired 986 gold pieces
 28942 | Lair:5   | Reached XP level 15. HP: 99/115 MP: 29/29
 29287 | Lair:5   | Reached skill level 10 in Air Magic
 29556 | Lair:6   | Entered Level 6 of the Lair of Beasts
 29797 | Lair:6   | Reached skill level 10 in Fighting
 29797 | Lair:6   | Reached skill level 10 in Short Blades
 29797 | Lair:6   | Reached skill level 10 in Long Blades
 29797 | Lair:6   | Reached skill level 10 in Axes
 29797 | Lair:6   | Reached skill level 10 in Maces & Flails
 29797 | Lair:6   | Reached skill level 10 in Polearms
 29797 | Lair:6   | Reached skill level 10 in Staves
 29797 | Lair:6   | Reached skill level 10 in Slings
 29797 | Lair:6   | Reached skill level 10 in Bows
 29797 | Lair:6   | Reached skill level 10 in Crossbows
 29797 | Lair:6   | Reached skill level 10 in Throwing
 29797 | Lair:6   | Reached skill level 10 in Armour
 29797 | Lair:6   | Reached skill level 10 in Shields
 29797 | Lair:6   | Reached skill level 10 in Unarmed Combat
 29797 | Lair:6   | Reached skill level 10 in Evocations
 30280 | Lair:6   | Found a staircase to the Slime Pits.
 30487 | Lair:6   | Noticed Kirke
 30497 | Lair:6   | Killed Kirke
 30937 | Lair:6   | Found a burning altar of Makhleb.
 30942 | Lair:6   | Found a gateway to Hell.
 32139 | D:13     | Found a gate to the Vaults.
 33061 | D:14     | Reached XP level 16. HP: 114/123 MP: 31/31
 33485 | D:14     | Found a hazy altar of Hepliaklqana.
 33522 | D:15     | Entered Level 15 of the Dungeon
 33675 | D:15     | Found a staircase to the Depths.
 33706 | D:15     | HP: 2/124 [ettin simulacrum (22)]
 34257 | Orc:1    | Entered Level 1 of the Orcish Mines
 34257 | Orc:1    | Noticed Erica
 34257 | Orc:1    | Found a burning altar of Makhleb.
 34277 | D:12     | Killed Erica
 35308 | Orc:2    | Entered Level 2 of the Orcish Mines
 35536 | Orc:2    | Found a staircase to the Elven Halls.
 35792 | Orc:2    | Found Cav Jeit's Assorted Antiques.
 35792 | Orc:2    | Found Cyrhe's Armour Boutique.
 35875 | Orc:2    | Bought a potion of heal wounds for 140 gold pieces
 36058 | Orc:2    | Found Jigieffus's Antique Armour Shoppe.
 36069 | Orc:2    | Bought a pair of fine boots for 304 gold pieces
 36069 | Orc:2    | Identified the +2 pair of boots of the Zebra {rF+} (You
                  | bought it in a shop on level 2 of the Orcish Mines)
 36095 | Orc:2    | Found Rurph's Assorted Antiques.
 36118 | Orc:2    | Bought a potion of heal wounds for 130 gold pieces
 36118 | Orc:2    | Bought a scroll of fear for 91 gold pieces
 36118 | Orc:2    | Bought a scroll of acquirement for 1352 gold pieces
 36118 | Orc:2    | Acquired the +8 demon trident "Waniem" {venom, rElec Int+2}
 36128 | Orc:2    | Found Adanack's Jewellery Boutique.
 36273 | Orc:2    | Bought a masterwork fustibalus for 560 gold pieces
 36273 | Orc:2    | Identified the +2 fustibalus "Demonbane" {flame, rElec
                  | rN++} (You bought it in a shop on level 2 of the Orcish
                  | Mines)
 36483 | Snake:1  | Entered Level 1 of the Snake Pit
 36489 | Snake:1  | Found a basalt altar of Yredelemnul.
 36558 | Lair:4   | Learned a level 5 spell: Freezing Cloud
 37375 | Snake:1  | Found a hide-covered altar of Uskayaw.
 37968 | Snake:1  | Found a bloodstained altar of Trog.
 38082 | Snake:2  | Found Yxkoass's Assorted Antiques.
 38090 | Snake:2  | Bought a scroll of teleportation for 90 gold pieces
 38502 | Snake:2  | Noticed Mlioglotl
 38502 | Snake:2  | HP: 2/125 [naga sharpshooter/arrow (13)]
 38503 | Snake:2  | Engulfed by a cloud of freezing vapour

Illustrated notes

Levels and vault maps discovered:
D:1:      minmay_arrival_four_houses, layout_basic
D:2:      layout_basic, ebering_ecumenical_altar_mist, uniq_terence
D:3:      layout_basic, demons_altar, nzn_wu_jian_contemplation, uniq_natasha
D:4:      layout_basic, uniq_eustachio
D:5:      layout_gridville, grunt_nemelex_the_gamble,
          mainiacjoe_overflow_small_starburst,
          nicolae_kikubaaqudgha_miasma_corner, minmay_temple_entry_stoned_glass,
          serial_shops, shop, shop, grunt_ministairs_11,
          corexii_mini_fake_secret_closet, kennysheep_generic_room_15
D:6:      layout_basic, zin_purify, kb_xom_exploding_sheep,
          serial_park_tiny_pond, uniq_prince_ribbit1, uniq_crazy_yiuf_cottage,
          uniq_duvessa
D:7:      layout_gridville, serial_shops, shop, uniq_maggie, uniq_menkaure
D:8:      layout_basic, kennysheep_little_box, serial_glass, glass_columns_b,
          glass_columns_a, minivault_11
D:9:      layout_basic, nicolae_uskayaw_dance_hall, okawaru_gym_becter,
          serial_undead, serial_undead_d, serial_undead_f, serial_undead_e,
          serial_undead_e, minmay_fractal_squares_diagonal_5
D:10:     cheibrodos_fzero, layout_grid_maze, overflow_temple_1_default,
          nrook_mini_vaults, minmay_fractal_squares_5, uniq_grum, uniq_nergalle
D:11:     layout_basic, minmay_lair_entry_grove, serial_shops,
          kennysheep_mini_moat
D:12:     erik_rubicon_b, layout_long_grid, david_orc_4, uniq_fannar, uniq_snorg
D:13:     layout_irregular_city, david_vaults_4, gammafunk_ghost_fury_of_okawaru
D:14:     layout_loops_cross, nzn_hepliaklqana_mist_gate
D:15:     hangedman_depths_entry_civil_slaughter, layout_loops_ring,
          nicolae_water_bricks
Lair:1:   layout_chaotic_city, grunt_megastairs_4, lemuel_fruit_fields,
          uniq_gastronok
Lair:2:   layout_chaotic_city, elwin_shoals_entry_rocks, uniq_harold
Lair:3:   layout_gridlike, grunt_megastairs_5, infiniplex_staircase_pool,
          serial_bayou_shore_b, lemuel_fruit_fields
Lair:4:   layout_cellular_growth, minmay_snake_entry_six_corridors,
          nicolae_volcano_entry_s_turn, cheibrodos_lair_caveside_slide,
          minmay_hedge_maze
Lair:5:   layout_big_grid, gauntlet_entry_generic
Lair:6:   evil_forest, layout_cave_pods, minmay_slime_entry_pillars, uniq_kirke
Snake:1:  layout_basic, serial_curves, eino_curves_02, eino_curves_02,
          basic_altar, hangedman_feature_mirror
Snake:2:  layout_cave_town, basic_altar, serial_shops, shop, uniq_mlioglotl
Orc:1:    layout_caves, basic_altar, uniq_erica
Orc:2:    st_orc_town, layout_caves, serial_shops, nicolae_shop_waterfront,
          nicolae_orc_lava_room

Skill      XL: |  1  2  3  4  5  6  7  8  9 10 11 12 13 14 15 16 |
---------------+-------------------------------------------------+-----
Conjurations   | 2 3 4 5 6 7 8 9 |  9.8
Spellcasting   | 5 6 7 8 9 10 11 12 | 12.3
Invocations    | 1 2 3 4 5 6 7 8 9 10 11 12 | 12.2
Fighting       | 1 2 3 4 5 6 7 8 9 10 11 | 11.3
Short Blades   | 1 2 3 4 5 6 7 8 9 10 11 | 11.3
Long Blades    | 1 2 3 4 5 6 7 8 9 10 11 | 11.3
Axes           | 1 2 3 4 5 6 7 8 9 10 11 | 11.3
Maces & Flails | 1 2 3 4 5 6 7 8 9 10 11 | 11.3
Polearms       | 1 2 3 4 5 6 7 8 9 10 12 | 12.0
Staves         | 1 2 3 4 5 6 7 8 9 10 11 | 11.3
Slings         | 1 2 3 4 5 6 7 8 9 10 11 | 11.3
Bows           | 1 2 3 4 5 6 7 8 9 10 11 | 11.3
Crossbows      | 1 2 3 4 5 6 7 8 9 10 11 | 11.3
Throwing       | 1 2 3 4 5 6 7 8 9 10 11 | 11.3
Armour         | 1 2 3 4 5 6 7 8 9 10 11 | 11.3
Shields        | 1 2 3 4 5 6 7 8 9 10 11 | 11.3
Unarmed Combat | 1 2 3 4 5 6 7 8 9 10 11 | 11.3
Evocations     | 1 2 3 4 5 6 7 8 9 10 11 | 11.3
Hexes          | 1 2 3 4 5 6 7 8 9 |  9.5
Summonings     | 1 2 3 4 5 6 7 8 9 |  9.5
Necromancy     | 1 2 3 4 5 6 7 8 9 |  9.5
Translocations | 1 2 3 4 5 6 7 8 9 |  9.5
Transmutations | 1 2 3 4 5 6 7 8 9 |  9.5
Fire Magic     | 1 2 3 4 5 6 7 8 9 |  9.5
Ice Magic      | 1 2 3 4 5 6 7 8 9 |  9.5
Earth Magic    | 1 2 3 4 5 6 7 8 9 |  9.5
Poison Magic   | 1 2 3 4 5 6 7 8 9 |  9.5
Dodging        | 5 6 7 8 9 10 11 12 | 12.1
Stealth        | 5 6 7 8 9 10 11 12 | 12.0
Air Magic      | 6 7 8 9 10 11 | 11.0

Action                   |  1- 3 |  4- 6 |  7- 9 | 10-12 | 13-15 | 16-18 || total
-------------------------+-------+-------+-------+-------+-------+-------++-------
Melee: Whip              |     3 |       |       |       |       |       ||     3
       Hand axe          |       |    27 |    83 |   322 |       |       ||   432
       Bite              |       |     2 |    11 |    87 |   323 |   111 ||   534
       Punch             |       |       |     2 |    28 |       |       ||    30
       Demon whip        |       |       |       |    21 |  1218 |   315 ||  1554
       Demon trident     |       |       |       |       |       |   176 ||   176
 Fire: Hunting sling     |       |       |       |    73 |       |       ||    73
Throw: Dart              |       |       |       |     3 |     7 |    56 ||    66
       Javelin           |       |       |       |     1 |       |       ||     1
       Boomerang         |       |       |       |       |     4 |       ||     4
       Stone             |       |       |       |       |     1 |       ||     1
       Throwing net      |       |       |       |       |       |     1 ||     1
 Cast: Shock             |    44 |   135 |    86 |    12 |       |       ||   277
       Airstrike         |       |       |    61 |   213 |   183 |    26 ||   483
       Swiftness         |       |       |     1 |       |       |       ||     1
       Mephitic Cloud    |       |       |     1 |     1 |       |     2 ||     4
       Teleport Other    |       |       |       |       |     3 |       ||     3
       Freezing Cloud    |       |       |       |       |       |    13 ||    13
Invok: Slouch            |       |       |       |     4 |     7 |     9 ||    20
       Temporal Distorti |       |       |       |       |     1 |       ||     1
Evoke: Wand              |       |       |       |     1 |       |     2 ||     3
       Phantom mirror    |       |       |       |       |       |     1 ||     1
  Use: Scroll            |       |     3 |     7 |    14 |    17 |     2 ||    43
       Potion            |       |       |       |       |     1 |     3 ||     4
 Stab: Sleeping          |       |     1 |     9 |     9 |    23 |    11 ||    53
       Confused          |       |       |       |     2 |       |     1 ||     3
       Distracted        |       |       |       |       |     3 |       ||     3
       Held in net/web   |       |       |       |       |       |     7 ||     7
Armor: Robe              |     3 |     9 |    16 |       |       |       ||    28
       Leather armour    |       |       |     9 |    19 |       |       ||    28
       Steam dragon scal |       |       |       |   100 |   169 |    58 ||   327
Dodge: Dodged            |     6 |    36 |   117 |   572 |   799 |   266 ||  1796
Block: Kite shield       |       |       |       |    41 |  1175 |   433 ||  1649

Table legend: (Time is in decaauts)
 A = Elapsed time spent in this place.
 B = Non-inter-level travel time spent in this place.
 C = Inter-level travel time spent in this place.
 D = Time resting spent in this place.
 E = Time spent auto-exploring this place.
 F = Levels seen in this place.
 G = Mean time per level.
                   A        B        C        D        E       F      G
               +--------+--------+--------+--------+--------+-----+--------+
         Total |  50389 |  47818 |   2571 |   5322 |  34796 |  27 | 1866.3 |
       Dungeon |  31401 |  29629 |   1772 |   4006 |  21551 |  15 | 2093.4 |
          Lair |  11849 |  11219 |    630 |    792 |   8591 |   6 | 1974.8 |
     Snake Pit |   2451 |   2419 |     32 |    252 |   1659 |   2 | 1225.5 |
  Orcish Mines |   2586 |   2450 |    136 |      0 |   1886 |   2 | 1293.0 |
       Volcano |   1390 |   1390 |      0 |    272 |    685 |   1 | 1390.0 |
      Gauntlet |    710 |    710 |      0 |      0 |    424 |   1 |  710.0 |
               +--------+--------+--------+--------+--------+-----+--------+

Top non-repeatable levels by time:
    D:10: 3389 daAuts
  Lair:6: 3167 daAuts
     D:5: 2933 daAuts
    D:11: 2907 daAuts
    D:12: 2823 daAuts
  Lair:4: 2754 daAuts
    D:13: 2668 daAuts
     D:3: 2123 daAuts
     D:6: 1992 daAuts
    D:14: 1960 daAuts
     D:9: 1953 daAuts
 Snake:1: 1919 daAuts
     D:7: 1918 daAuts
  Lair:2: 1807 daAuts
  Lair:3: 1803 daAuts
